 Dungeon Crawl Stone Soup version 0.16.1-16-gc44b35d (webtiles) character file.

123 Chiseanne the Covert (level 4, -1/22 HPs)
             Began as a Spriggan Assassin on Apr 21, 2015.
             Slain by an orc
             ... wielding a +0 war axe
              (10 damage)
             ... on level 4 of the Dungeon.
             The game lasted 00:07:34 (2794 turns).

Chiseanne the Covert (Spriggan Assassin)            Turns: 2794, Time: 00:07:35

Health: -1/22      AC:  4    Str:  7    XL:     4   Next: 80%
Magic:  8/8        EV: 17    Int: 12    God:
Gold:   31         SH:  0    Dex: 18    Spells: 0 memorised, 3 levels left

rFire  + . .     SeeInvis +     a - +2 dagger
rCold  . . .     Clarity  .     A - +0 robe
rNeg   + . .     SustAb   .     (shield restricted)
rPois  .         Gourm    .     (helmet restricted)
rElec  .         Spirit   .     l - +1 cloak
rCorr  .         Warding  .     (gloves unavailable)
rMut   .         Stasis   .     (boots unavailable)
MR     .....                    (no amulet)
Stlth  +++++.....               c - ring of positive energy
                                d - ring of protection from fire

@: very quick, not resistant to hostile enchantments, quite stealthy
A: unfitting armour, see invisible, herbivore 3, speed 3, slow metabolism 2
a: no special abilities


You were on level 4 of the Dungeon.
You were not hungry.

You visited 1 branch of the dungeon, and saw 4 of its levels.

You collected 122 gold pieces.
You spent 91 gold pieces at shops.

Inventory:

Hand weapons
 a - a +2 dagger (weapon)
 w - a +0 blowgun
 z - a cursed -3 hunting sling
Missiles
 e - 22 poisoned needles
 f - 2 curare-tipped needles
 h - 12 poisoned sling bullets
 r - 23 arrows
 u - 8 needles of slowing
Armour
 l - a +1 cloak (worn)
 n - a +2 cloak
 A - a +0 robe (worn)
Jewellery
 c - a ring of positive energy (right hand)
 d - a ring of protection from fire (left hand)
Scrolls
 i - a scroll of enchant weapon {unknown}
 m - a scroll of blinking {unknown}
 s - a scroll of recharging {unknown}
 t - a scroll of fog {unknown}
 v - a scroll of fear {unknown}
 y - a scroll of immolation {unknown}
Potions
 b - a potion of haste
 j - 3 potions of curing
 p - a potion of flight {unknown}
 q - a potion of might {unknown}
 x - 2 potions of cure mutation
 B - a potion of magic {unknown}
 C - a potion of heal wounds
Comestibles
 g - a bread ration
 o - a slice of pizza


   Skills:
 - Level 1.5 Fighting
 - Level 2.1 Short Blades
 - Level 2.1 Throwing
 - Level 1.5 Dodging
 * Level 9.4 Stealth


You had 3 spell levels left.
You didn't know any spells.

Dungeon Overview and Level Annotations

Branches:
Dungeon (4/15)
 Temple: D:4-7

Altars:
Ashenzari
Fedhas
Kikubaaqudgha
Okawaru
Sif Muna
Trog
Zin

Shops:
D:4 !


Innate Abilities, Weirdness & Mutations

You are tiny and cannot use many weapons and most armour.
You have supernaturally acute eyesight.
You are a herbivore.
You cover ground extremely quickly.
You need consume almost no food.


Message History

The orc priest calls upon Beogh to heal something.
You hear a shout!
The orc priest looks more healthy.
Things that are here:
a mace of crushing; a leather armour You hit the orc priest.
The orc priest is severely wounded.
The orc priest barely misses you. The orc closely misses you.
You barely miss the orc priest.
The orc priest is severely wounded.
The orc priest closely misses you.
You hit the orc priest.
The orc priest is almost dead.
The orc priest invokes the aid of Beogh against you.
Something smites you!
Ouch! That really hurt!
You closely miss the orc.
The orc is almost dead.
The orc looks more healthy.
The orc hits you with a war axe!
You die...

# ... .......†..# #
.. #...#..##.## #
.... ##.##.# .
.....+.....# ###..
..(.(.##.##8#
......
#...(..##!##......
#.....o8!∩.8......
#.....oo#..........
#######@.8....#...
#.........#
+....>....+
#...#.....#
#...#.....#
#...#.....#
#...#.....#
#...##....#
#..(##....#


You could see an orc priest and 2 orcs.

Vanquished Creatures
  Jessica (D:3)
  5 adders
  A giant mite (D:4)
  2 worms (D:2)
  A giant gecko (D:3)
  An orc (D:4)
  5 bats
  4 giant cockroaches
  10 hobgoblins
  3 jackals (D:3)
  A quokka (D:2)
  2 giant newts (D:2)
  2 goblins
  5 kobolds
  3 rats
46 creatures vanquished.

Notes
Turn   | Place    | Note
--------------------------------------------------------------
     0 | D:1      | Chiseanne, the Spriggan Assassin, began the quest for the Orb.
     0 | D:1      | Reached XP level 1. HP: 10/10 MP: 2/2
   133 | D:1      | Reached skill level 6 in Stealth
   596 | D:2      | Reached XP level 2. HP: 14/14 MP: 4/4
   615 | D:2      | Found a bloodstained altar of Trog.
   647 | D:2      | Reached skill level 7 in Stealth
   839 | D:2      | Reached XP level 3. HP: 18/18 MP: 6/6
   968 | D:2      | Found a deep blue altar of Sif Muna.
  1005 | D:2      | Reached skill level 8 in Stealth
  1185 | D:2      | Found a blossoming altar of Fedhas.
  1198 | D:2      | Found an ancient bone altar of Kikubaaqudgha.
  1728 | D:3      | Reached XP level 4. HP: 19/22 MP: 8/8
  1786 | D:3      | Found a glowing silver altar of Zin.
  1904 | D:3      | Found a shattered altar of Ashenzari.
  1935 | D:3      | Noticed Jessica
  1937 | D:3      | Killed Jessica
  2117 | D:3      | Reached skill level 9 in Stealth
  2228 | D:3      | Found an iron altar of Okawaru.
  2640 | D:4      | Found Ifuebbaz's Distillery.
  2755 | D:4      | Bought a potion of heal wounds for 65 gold pieces
  2755 | D:4      | Bought a potion of poison for 13 gold pieces
  2755 | D:4      | Bought a potion of degeneration for 13 gold pieces
  2794 | D:4      | Slain by an orc

Action                   |  1- 3 |  4- 6 || total
-------------------------+-------+-------++-------
Melee: Dagger            |    68 |    40 ||   108
 Fire: Blowgun           |     9 |    19 ||    28
  Use: Scroll            |       |     3 ||     3
 Stab: Sleeping          |     8 |     2 ||    10
       Distracted        |       |     1 ||     1
